 Dungeon Crawl Stone Soup version 0.21.0 (webtiles) character file.

1225 tidbits the Covert (level 8, -1/36 HPs)
             Began as a Felid Air Elementalist on Jan 7, 2018.
             Was a Follower of Ashenzari.
             Slain by an orc
             ... wielding a +0 flail
              (6 damage)
             ... on level 6 of the Dungeon.
             The game lasted 00:31:20 (3181 turns).

tidbits the Covert (Felid Air Elementalist)         Turns: 3181, Time: 00:31:21

Health: -1/36      AC:  3    Str:  7    XL:     8   Next: 23%
Magic:  11/13      EV: 21    Int: 17    God:    Ashenzari [*.....]
Gold:   318        SH:  0    Dex: 16    Spells: 2/13 levels left
                                        Lives:  0   Deaths: 2

rFire    . . .     SeeInvis +     - Unarmed
rCold    . . .     Gourm    .   (shield unavailable)
rNeg     . . .     Faith    .   (armour unavailable)
rPois    .         Spirit   .   (helmet unavailable)
rElec    .         Reflect  .   (cloak unavailable)
rCorr    .         Harm     .   (gloves unavailable)
MR       +....                  (boots unavailable)
Stlth    +++++.....             R - amulet of regeneration
HPRegen  0.12/turn              W - ring of wizardry (curse)
MPRegen  0.13/turn              l - +1 ring of protection

@: quick
A: very small, no armour, no weapons or thrown items, stealth, claws 1, fangs 3,
see invisible, carnivore, speed 1, shaggy fur 2, slow metabolism 1, sharp paws
a: Curse Item, Scrying, Renounce Religion


You were on level 6 of the Dungeon.
You worshipped Ashenzari.
Ashenzari was aware of your devotion.
You were completely stuffed.

You visited 3 branches of the dungeon, and saw 12 of its levels.

You collected 318 gold pieces.

Inventory:

Missiles
 c - 84 arrows
Jewellery
 l - a +1 ring of protection (right paw)
   (You found it on level 1 of the Dungeon)
 p - an uncursed amulet of faith
   (You found it on level 4 of the Dungeon)
 R - an amulet of regeneration (around neck)
   (You found it on level 8 of the Dungeon)
 W - a cursed ring of wizardry (left paw)
   (You found it on level 1 of the Dungeon)
Wands
 n - a wand of digging (13)
Scrolls
 f - a scroll of enchant weapon
 g - 2 scrolls of amnesia
 h - 5 scrolls of teleportation
 i - a scroll of fear {unknown}
 j - a scroll of blinking
 m - a scroll of magic mapping
Potions
 e - 2 potions of flight
Books
 a - a book of Air

   Spells                             Type                      Level
   a - Shock                          Conjuration/Air              1
   b - Swiftness                      Charms/Air                   2
   c - Static Discharge               Conjuration/Air              3
   d - Airstrike                      Air                          4
   e - Lightning Bolt                 Conjuration/Air              5
 d - a book of Changes
   (You found it on level 6 of the Dungeon)

   Spells                             Type                      Level
   a - Beastly Appendage              Transmutation                1
   b - Sticks to Snakes               Transmutation                2
   c - Spider Form                    Transmutation/Poison         3
   d - Ice Form                       Ice/Transmutation            4
   e - Blade Hands                    Transmutation                5
 s - a book of Cantrips
   (You found it on level 8 of the Dungeon)

   Spells                             Type                      Level
   a - Confusing Touch                Hexes                        1
   b - Animate Skeleton               Necromancy                   1
   c - Summon Small Mammal            Summoning                    1
   d - Apportation                    Translocation                1
Comestibles
 b - 8 rations
 k - 4 chunks of flesh


   Skills:
 - Level 4.0 Fighting
 - Level 6.1 Dodging
 - Level 10.5 Stealth
 - Level 6.8 Unarmed Combat
 - Level 3.0 Spellcasting
 - Level 2.5 Conjurations
 + Level 4.6 Hexes
 - Level 3.7 Air Magic
 - Level 2.8 Evocations


You had 2 spell levels left.
You knew the following spells:

 Your Spells              Type           Power        Failure   Level  Hunger
a - Shock                 Conj/Air       ##..         1%          1    None
d - Static Discharge      Conj/Air       ##......     6%          3    ###....
i - Airstrike             Air            ###.......   16%         4    ####...
t - Confusing Touch       Hex            ###...       1%          1    None
W - Swiftness             Chrm/Air       #.......     4%          2    ##.....


Dungeon Overview and Level Annotations

Branches:
Dungeon (9/15)             Temple (1/1) D:5            Lair (2/6) D:8
  Swamp (0/4) Lair:2
  Snake: Lair:2-4    Spider: Lair:2-4       Orc: D:9-12

Altars:
Ashenzari
Dithmenos
Elyvilon
Fedhas
Gozag
Hepliaklqana
Kikubaaqudgha
Makhleb
Nemelex Xobeh
Okawaru
Qazlal
Ru
Sif Muna
Trog
Uskayaw
Vehumet
Wu Jian
Xom
Yredelemnul
The Shining One

Shops:
D:4 %

Annotations:
D:6 ThereIsNoGod's ghost, novice MiGl


Innate Abilities, Weirdness & Mutations

You cannot wear armour.
You are incapable of wielding weapons or throwing items.
Your paws allow you to move quietly. (Stealth)
You have sharp claws.
You have razor-sharp teeth.
You have supernaturally acute eyesight. (SInv)
You are carnivorous and can eat meat at any time.
You cover ground quickly.
You are covered in thick fur. (AC +2)
You have a slow metabolism.
Your sharp claws are effective at attacking unaware monsters.


Message History

Press: ? - help, Shift-Dir - straight line, f - you The rock shatters into small pieces.
The orc wizard mumbles some strange words.
The orc wizard seems to speed up.
The black bear bites you.
* * * LOW HITPOINT WARNING * * *
The black bear claws you.
* * * LOW HITPOINT WARNING * * *
The black bear claws you.
* * * LOW HITPOINT WARNING * * *
Evoke which item? (* to show all) (? for menu, Esc to quit)
Aiming: Iceblast
Press: ? - help, Shift-Dir - straight line, f - black bear
Aim: a black bear The mass of ice explodes!
The iceblast engulfs the black bear.
The black bear is moderately wounded.
The iceblast engulfs the orc.
You kill the orc!
The orc wizard casts a cantrip, but nothing happens.
The orc wizard casts a spell.
The orc wizard seems to speed up.
Evoke which item? (* to show all) (? for menu, Esc to quit)
Aiming: Iceblast
Press: ? - help, Shift-Dir - straight line, f/p - black bear
Aim: a black bear (moderately wounded)
The mass of ice explodes!
The iceblast engulfs the black bear.
The black bear is almost dead.
The black bear goes berserk!
The orc wizard begins to cast a cantrip, but forgets the words!
Evoke which item? (* to show all) (? for menu, Esc to quit)
Aiming: Iceblast
Press: ? - help, Shift-Dir - straight line, f/p - black bear
Aim: a black bear (almost dead, berserk, fast, unusually strong)
The mass of ice explodes!
The iceblast engulfs the black bear.
You kill the black bear!
Your Hexes skill increases to level 4!
The now-empty wand crumbles to dust.
Casting: Confusing Touch
Confirm with . or Enter, or press ? or * to list all spells.
Your paws begin to glow red.
The orc wizard casts a cantrip, but nothing happens.
The orc wizard points at you and mumbles some strange words.
The puff of flame misses you.
The orc wizard hits you but does no damage.
You scratch the orc wizard but do no damage.
You claw the orc wizard, but do no damage.
The orc wizard gestures at you while chanting.
The magic dart hits you!
* * * LOW HITPOINT WARNING * * *
You scratch the orc wizard but do no damage.
The orc wizard hits you but does no damage. x2
You scratch the orc wizard but do no damage.
The orc wizard misses you.
You scratch the orc wizard but do no damage.
The orc wizard appears confused.
The orc wizard hits you with a dagger.
* * * LOW HITPOINT WARNING * * *
It was a potion of cancellation.
You feel magically purged. The orc wizard misses you.
The orc wizard hits the orc wizard but does no damage.
You scratch the orc wizard.
The orc wizard is lightly wounded.
The orc wizard closely misses the orc wizard.
Okay, then.
You completely miss the orc wizard.
You bite the orc wizard, but do no damage.
The orc wizard is lightly wounded.
The orc wizard closely misses the orc wizard.
You catch the helpless orc wizard completely off-guard!
You mangle the orc wizard!!
You kill the orc wizard!
The orc wizard misses you.
Casting: Confusing Touch
Confirm with . or Enter, or press ? or * to list all spells.
Your paws begin to glow red.
The orc wizard completely misses you.
You scratch the orc wizard but do no damage.
The orc wizard appears confused.
The orc wizard barely misses the orc.
You scratch the orc wizard.
The orc wizard is lightly wounded.
The orc wizard closely misses you.
Evoke which item? (* to show all) (? for menu, Esc to quit)
Okay, then.
You catch the helpless orc wizard completely off-guard!
You mangle the orc wizard!!
You kill the orc wizard!
Casting: Confusing Touch
Confirm with . or Enter, or press ? or * to list all spells.
Your paws begin to glow red.
The orc misses you.
You scratch the orc but do no damage. You scratch the orc but do no damage.
The orc appears confused.
The orc closely misses you.
You scratch the orc but do no damage. The orc completely misses you.
You claw the orc!
You kill the orc!
Casting: Confusing Touch
Confirm with . or Enter, or press ? or * to list all spells.
Your paws begin to glow red.
You scratch the orc but do no damage. The orc barely misses you.
You scratch the orc but do no damage. The orc misses you.
You scratch the orc but do no damage.
The orc appears confused.
The orc hits you with a flail.
You die...

#..... #..... ####.. *
## * #.## * #.## ##@##
## ##o## ,... ##.##
.... ##.## .....
######.###o...$.
#........)oo....,,
########.########......
, #...............#
.....
#...............#, ####
##


You could see an orc (confused).

Vanquished Creatures
  Pikel (D:4)
  A komodo dragon (Lair:1)
  A rime drake (Lair:1)
  Prince Ribbit (D:5)
  2 hippogriffs
  A porcupine (Lair:1)
  2 water moccasins
  A slave (D:4)
  An ogre (D:5)
  A necrophage (D:6)
  A black bear (D:6)
  A centaur (D:7)
  2 bullfrogs
  2 scorpions
  2 howler monkeys
  2 crimson imps
  3 bullfrog zombies
  An orc priest (D:6)
  2 hounds
  4 orc wizards (D:6)
  2 iguanas
  Natasha (D:2)
  A worker ant (D:5)
  7 adders
  An adder zombie (D:6)
  A worm (D:5)
  3 dart slugs
  2 leopard geckos
  7 orcs
  A ball python (D:1)
  3 bats
  2 giant cockroaches
  6 goblins
  3 hobgoblins
  13 jackals
  3 quokkas
  4 frilled lizards
  A jackal skeleton (D:5)
  5 kobolds
  5 rats
103 creatures vanquished.

Vanquished Creatures (others)
  A slave (D:4)
  A crimson imp (D:6)
2 creatures vanquished.

Grand Total: 105 creatures vanquished

Notes
Turn   | Place    | Note
-------+----------+-------------------------------------------
     0 | D:1      | tidbits the Felid Air Elementalist began the quest for the Orb.
     0 | D:1      | Reached XP level 1. HP: 7/7 MP: 4/4
    39 | D:2      | Reached skill level 3 in Stealth
    83 | D:2      | Reached skill level 1 in Unarmed Combat
    93 | D:2      | Reached XP level 2. HP: 11/11 MP: 6/6
   103 | D:2      | Learned a level 2 spell: Swiftness
   511 | D:1      | Reached skill level 4 in Stealth
   516 | D:1      | Reached XP level 3. HP: 14/14 MP: 3/7
   588 | D:1      | Learned a level 3 spell: Static Discharge
   694 | D:2      | Noticed Natasha
   712 | D:2      | Killed Natasha
   712 | D:2      | Reached skill level 2 in Unarmed Combat
   740 | D:2      | Reached XP level 4. HP: 17/18 MP: 8/8
   805 | D:3      | Found a bloodstained altar of Trog.
   806 | D:3      | Found a shattered altar of Ashenzari.
   806 | D:3      | Found an ancient bone altar of Kikubaaqudgha.
   807 | D:3      | Found a shadowy altar of Dithmenos.
   877 | D:3      | Became a worshipper of Ashenzari the Shackled
   906 | D:4      | Found Hymeuwi's Food Emporium.
   930 | D:3      | Reached skill level 5 in Stealth
  1082 | D:3      | Reached skill level 3 in Unarmed Combat
  1243 | D:4      | Noticed a slave
  1277 | D:4      | Reached XP level 5. HP: 19/21 MP: 5/9
  1281 | D:4      | Noticed Pikel
  1285 | D:4      | Noticed a slave
  1296 | D:4      | Killed a slave
  1304 | D:4      | Noticed a slave
  1307 | D:4      | Killed Pikel
  1307 | D:4      | Reached skill level 10 in Stealth
  1307 | D:4      | Gained mutation: You are covered in thick fur. (AC +2) [Felid growth]
  1307 | D:4      | Reached XP level 6. HP: 17/24 MP: 4/10
  1307 | D:4      | Reached XP level 7. HP: 19/27 MP: 4/11
  1355 | D:5      | Entered Level 5 of the Dungeon
  1409 | D:6      | Reached skill level 3 in Dodging
  1555 | D:5      | Reached skill level 1 in Fighting
  1693 | D:5      | Reached skill level 4 in Unarmed Combat
  1725 | D:5      | Found a staircase to the Ecumenical Temple.
  1735 | Temple   | Entered the Ecumenical Temple
  1806 | D:5      | Reached * piety under Ashenzari
  1815 | D:5      | Found a hide-covered altar of Uskayaw.
  1816 | D:5      | Noticed Prince Ribbit
  1829 | D:5      | Killed Prince Ribbit
  1829 | D:5      | Reached skill level 2 in Fighting
  1829 | D:5      | Reached skill level 4 in Dodging
  1829 | D:5      | Reached XP level 8. HP: 31/33 MP: 12/12
  1889 | D:6      | Found an opulent altar of Gozag.
  1897 | D:6      | Reached skill level 5 in Unarmed Combat
  2140 | D:8      | Reached skill level 3 in Fighting
  2140 | D:8      | Reached skill level 5 in Dodging
  2160 | D:8      | Found a staircase to the Lair.
  2170 | Lair:1   | Entered Level 1 of the Lair of Beasts
  2238 | Lair:2   | Found a staircase to the Swamp.
  2250 | Lair:2   | Noticed a blink frog
  2251 | Lair:2   | Noticed a blink frog
  2254 | Lair:2   | Noticed a blink frog
  2285 | Lair:1   | Noticed a komodo dragon
  2328 | Lair:1   | Noticed a komodo dragon
  2368 | Lair:1   | Noticed a komodo dragon
  2373 | Lair:1   | Killed a komodo dragon
  2373 | Lair:1   | Reached skill level 6 in Unarmed Combat
  2376 | Lair:1   | Noticed a rime drake
  2393 | Lair:1   | Reached ** piety under Ashenzari
  2407 | Lair:1   | Noticed a hippogriff
  2409 | Lair:1   | Killed a hippogriff
  2409 | Lair:1   | Reached skill level 6 in Dodging
  2458 | Lair:1   | Reached skill level 4 in Fighting
  2458 | Lair:1   | Reached XP level 9. HP: 39/39 MP: 13/13
  2496 | Lair:1   | Learned a level 4 spell: Airstrike
  2500 | Lair:1   | Noticed a spiny frog
  2515 | Lair:1   | Noticed a meliai
  2515 | Lair:1   | a spiny frog changed into a meliai
  2518 | Lair:1   | Slain by a meliai
  2519 | Lair:1   | Reached XP level 8. HP: -2/36 MP: 12/12
  2537 | Lair:1   | Killed a rime drake
  2537 | Lair:1   | Reached skill level 2 in Conjurations
  2537 | Lair:1   | Reached skill level 3 in Air Magic
  2549 | Lair:2   | Noticed a komodo dragon
  2549 | Lair:2   | Noticed a blink frog
  2594 | Lair:1   | a meliai changed into a yak
  2817 | D:8      | Learned a level 1 spell: Confusing Touch
  2837 | D:8      | Noticed a komodo dragon
  2839 | D:7      | Noticed a hippogriff
  2868 | D:7      | Reached skill level 3 in Spellcasting
  2870 | D:7      | Killed a hippogriff
  2870 | D:7      | Reached skill level 2 in Evocations
  2971 | D:6      | HP: 3/36 [centaur zombie (6)]
  2974 | D:6      | Slain by a centaur zombie
  2975 | D:6      | Reached XP level 7. HP: -1/32 MP: 12/12
  3005 | D:6      | Found a basalt altar of Yredelemnul.
  3007 | D:6      | Found a glowing golden altar of the Shining One.
  3040 | D:6      | Reached skill level 1 in Hexes
  3060 | D:6      | Reached skill level 2 in Hexes
  3060 | D:6      | Reached XP level 8. HP: 27/36 MP: 11/13
  3095 | D:6      | Noticed ThereIsNoGod's ghost (novice MiGl)
  3129 | D:6      | Reached skill level 3 in Hexes
  3158 | D:6      | Reached skill level 4 in Hexes
  3164 | D:6      | HP: 3/36 [orc wizard/dagger (3)]
  3181 | D:6      | Slain by an orc

Skill      XL: |  1  2  3  4  5  6  7  8 |
---------------+-------------------------+-----
Stealth        | 3 4 5 10 | 10.5
Unarmed Combat | 1 2 3 4 6 |  6.8
Dodging        | 4 6 |  6.1
Fighting       | 2 4 |  4.0
Conjurations   | 2 |  2.5
Air Magic      | 3 |  3.7
Spellcasting   | 3 |  3.0
Evocations     | 2 |  2.8
Hexes          | 2 4 |  4.6

Action                   |  1- 3 |  4- 6 |  7- 9 || total
-------------------------+-------+-------+-------++-------
Melee: Unarmed           |    26 |    45 |   148 ||   219
       Bite              |     3 |     4 |    16 ||    23
       Punch             |       |       |     4 ||     4
 Cast: Shock             |    21 |    36 |    36 ||    93
       Confusing Touch   |       |       |     9 ||     9
       Static Discharge  |       |       |     4 ||     4
Invok: Curse Item        |       |     1 |     1 ||     2
Evoke: Wand              |       |       |    16 ||    16
  Use: Potion            |     1 |     2 |    12 ||    15
       Scroll            |       |     2 |     6 ||     8
 Stab: Sleeping          |     8 |     3 |    12 ||    23
       Distracted        |     1 |     1 |       ||     2
       Confused          |       |       |     5 ||     5
  Eat: Chunk             |     6 |     2 |    10 ||    18
Armor: Skin              |    10 |    15 |    19 ||    44
Dodge: Dodged            |    40 |    59 |   165 ||   264

Table legend:
 A = Turns spent in this place as a percentage of turns spent in the entire game.
 B = Non-inter-level travel turns spent in this place as a percentage of non-inter-level travel turns spent in the entire game.
 C = Inter-level travel turns spent in this place as a percentage of turns spent in this place.
 D = Turns resting spent in this place as a percentage of non-inter-level travel turns spent in this place.
 E = Turns spent auto-exploring this place as a percentage of non-inter-level travel turns spent in this place.
 F = Non-inter-level travel turns spent in this place divided by the number of levels of this place that you've seen.
                   A       B       C       D       E      F
               +-------+-------+-------+-------+-------+----------------------
         Total | 100.0 | 100.0 |   4.0 |   0.0 |   0.0 | 254.4
       Dungeon |  82.5 |  82.2 |   4.3 |   0.0 |   0.0 | 278.9
        Temple |   1.1 |   1.2 |   0.0 |   0.0 |   0.0 |  36.0
          Lair |  16.4 |  16.6 |   2.7 |   0.0 |   0.0 | 253.5
               +-------+-------+-------+-------+-------+----------------------

Table legend:
 A = Kills in this place as a percentage of kills in entire the game.
 B = Kills by you in this place as a percentage of kills by you in the entire game.
 C = Kills by friends in this place as a percentage of kills by friends in the entire game.
 D = Other kills in this place as a percentage of other kills in the entire game.
 E = Experience gained in this place as a percentage of experience gained in the entire game.
 F = Experience gained in this place divided by the number of levels of this place that you have seen.
                   A       B       C       D       E      F
               +-------+-------+-------+-------+-------+----------------------
         Total | 100.0 | 100.0 |   N/A |   N/A | 100.0 | 366.4
       Dungeon |  95.1 |  95.1 |   N/A |   N/A |  72.0 | 351.6
          Lair |   4.9 |   4.9 |   N/A |   N/A |  28.0 | 616.5
               +-------+-------+-------+-------+-------+----------------------

Vault maps used:
D:1:      shiori_arrival_elements, st_stairs_1
D:2:      minivault_19, uniq_natasha
D:3:      chequers_temple_overflow_statue_of_worship, first_ration,
          nicolae_ru_the_path_less_chosen
D:4:      serial_shops, shop, uniq_pikel
D:5:      eat_drink_and_be_merry_uskayaw, temple_pool_b, uniq_prince_ribbit1
D:6:      grunt_temple_overflow_holy_war, basic_altar
D:7:      serial_shops, nicolae_shop_crystal, the_bakery
D:8:      cheibriados_altar_1, lair_entry_dummy, nrook_uturn,
          minmay_fire_ice_demons
D:9:      zin_academy, nicolae_benzene_ring, uniq_erica
Temple:   cyrus_circular_temple
Lair:1:   grunt_megastairs_4, lemuel_fruit_fields
Lair:2:   swamp_mist_pool
